 Dungeon Crawl Stone Soup version 0.28.0-53-g5a82cb258f (webtiles) character file.

Game seed: 4362619368621247004

43 mcbry74 the Digger (level 3, 0/26 HPs)
             Began as a Ghoul Earth Elementalist on June 24, 2022.
             Slain by Terence
             ... wielding a +0 mace
              (1 damage)
             ... on level 2 of the Dungeon.
             The game lasted 00:07:51 (2084 turns).

mcbry74 the Digger (Ghoul Earth Elementalist)       Turns: 2084, Time: 00:07:51

Health: 0/26       AC:  3    Str: 11    XL:     3   Next: 58%
Magic:  4/4        EV: 12    Int: 12    God:
Gold:   85         SH:  0    Dex:  9    Spells: 4/5 levels left

rFire   . . .      SeeInvis .     - Unarmed
rCold   + . .      Faith    .   (no shield)
rNeg    + + +      Spirit   .   b - +1 robe
rPois   ∞          Reflect  .   (no helmet)
rElec   .          Harm     .   (no cloak)
rCorr   .          Rampage  .   (no gloves)
Will    .....                   (no boots)
Stlth   ++........              (no amulet)
HPRegen 0.00/turn               (no ring)
MPRegen 0.09/turn               (no ring)

@: inhibited regen
A: claws 1, cold resistance 1, negative energy resistance 3, inhibited
regeneration, torment resistance 2
a: no special abilities


You were on level 2 of the Dungeon.
You visited 1 branch of the dungeon, and saw 2 of its levels.

You collected 85 gold pieces.

Inventory:

Missiles
 c - 50 stones
Armour
 b - a +1 robe (worn)
Scrolls
 e - a scroll of immolation {unknown}
 g - a scroll of noise {unknown}
Potions
 f - a potion of curing {unknown}


   Skills:
 - Level 1.7 Dodging
 - Level 2.1 Stealth
 + Level 1.7 Unarmed Combat
 - Level 1.7 Spellcasting
 - Level 0.8 Transmutations
 * Level 4.5 Earth Magic


You had 4 spell levels left.
You knew the following spells:

 Your Spells              Type           Power      Damage    Failure   Level
a - Sandblast             Erth           22%        2d7       4%          1

Your spell library contained the following spells:

 Spells                   Type           Power      Damage    Failure   Level
 Passwall                 Tmut/Erth      5%         N/A       14%         2
 Stone Arrow              Conj/Erth      12%        3d7       32%         3
 Petrify                  Tmut/Erth      7%         N/A       67%         4
 Animate Armour           Summ/Erth      12%        N/A       73%         4
 Lehudib's Crystal Spear  Conj/Erth      3%         10d2      100%        8


Dungeon Overview and Level Annotations

Branches:
Dungeon (2/15)

Altars:

Annotations:
D:2 Terence


Innate Abilities, Weirdness & Mutations

You thrive by killing the living.
You are immune to poison.
You have sharp fingernails.
Your flesh is cold resistant. (rC+)
You are immune to negative energy. (rN+++)
You do not regenerate when monsters are visible.
You are immune to unholy pain and torment.


Message History

Terence says, "Don't bother to defend, it's pointless."
You scratch Terence but do no damage.
Terence is lightly wounded.
Terence hits you with a +0 mace!
You barely miss Terence.
Terence is lightly wounded.
Terence closely misses you.
You scratch Terence.
Terence is lightly wounded.
Terence barely misses you.
You scratch Terence.
Terence is moderately wounded.
Terence hits you with a +0 mace.
You scratch Terence but do no damage.
Terence is moderately wounded.
Terence hits you with a +0 mace.
You scratch Terence but do no damage.
Terence is moderately wounded.
Terence hits you with a +0 mace!
* * * LOW HITPOINT WARNING * * *
Terence says, "You're history."
Things that are here:
a +0 club; a goblin corpse Terence screams, "I want your blood!"
Terence screams, "I'm going to kill you!"
Terence asks, "Do you want it fast or slow?"
The kobold shouts!
You hear an angry hiss.
The kobold throws a stone.
The stone misses you.
You see here a +0 club.
A giant cockroach comes into view.
Found a chain mail.
Found a stone staircase leading down.
Terence screams, "I'm going to kill you!"
As you read the scroll labelled HIUCUO CEMOPLE, it crumbles to dust.
It is a scroll of enchant armour.
Your +0 robe glows green for a moment.
Terence closely misses you.
As you read the scroll labelled IWA PUNEALU, it crumbles to dust.
It is a scroll of enchant weapon.
You aren't carrying any weapons that can be enchanted.
Terence hits you with a +0 mace.
You die...

####.#.<....#####
.#.....####....##
.#.###.# ####..## .
)..# #)##### ##).# >.
#.####.....# ##.# B..
#....##....# #.## ..#
####.##....# #..#..#
#......>#####@S..###[
###.....##...@.......
##....##...........
#....##......#####
#....##.....##
#....##.....#
#....##.....#
#############


You could see Terence, a giant cockroach and a ball python.

Vanquished Creatures
  A dart slug (D:2)
  3 ball pythons (D:1)
  5 endoplasms
  A giant cockroach (D:1)
  5 hobgoblins
  2 quokkas (D:1)
  A bat (D:1)
  A frilled lizard (D:1)
  6 goblins
  6 kobolds (D:1)
  5 rats
36 creatures vanquished.

Notes
Turn   | Place    | Note
-------+----------+-------------------------------------------
     0 | D:1      | mcbry74 the Ghoul Earth Elementalist began the quest for
                  | the Orb.
     0 | D:1      | Reached XP level 1. HP: 14/14 MP: 2/2
   296 | D:1      | Reached XP level 2. HP: 6/20 MP: 3/3
   463 | D:1      | HP: 1/20 [goblin/+0 dagger (2)]
   819 | D:1      | Reached skill level 1 in Unarmed Combat
  1186 | D:1      | Reached skill level 4 in Earth Magic
  1347 | D:1      | Reached XP level 3. HP: 26/26 MP: 0/4
  1717 | D:2      | Noticed Terence
  2049 | D:2      | HP: 1/26 [Terence/+0 mace (8)]
  2084 | D:2      | Slain by Terence

Illustrated notes

Levels and vault maps discovered:
D:1:      dpeg_arrival_simpleton_c, layout_loops_ring, kennysheep_boxes
D:2:      layout_rooms, uniq_terence

Skill      XL: |  1  2 |
---------------+-------+-----
Unarmed Combat | 1 |  1.7
Earth Magic    | 4 |  4.5
Dodging        | |  1.7
Stealth        | |  2.1
Spellcasting   | |  1.7
Transmutations | |  0.8

Action                   || total
-------------------------++-------
Melee: Unarmed           ||   110
       Punch             ||     2
 Cast: Sandblast         ||    14
  Use: Scroll            ||     2
 Stab: Sleeping          ||     2
Armor: Robe              ||    14
Dodge: Dodged            ||    61
